 Dungeon Crawl Stone Soup version 0.30-a0-862-g1aabd4f9c5 (webtiles) character file.

Game seed: 17387219560900025779

1070 ragingrage the Firebug (level 8, -1/57 HPs)
             Began as a Mummy Fire Elementalist on Mar 9, 2023.
             Was an Initiate of Vehumet.
             Slain by a steam dragon (8 damage)
             ... on level 7 of the Dungeon.
             The game lasted 00:05:47 (8180 turns).

ragingrage the Firebug (Mummy Fire Elementalist)    Turns: 8180, Time: 00:05:47

Health: -1/57      AC:  2    Str: 11    XL:     8   Next: 7%
Magic:  11/15      EV: 12    Int: 17    God:    Vehumet [......]
Gold:   419        SH:  0    Dex: 12    Spells: 10/17 levels left

rFire   x . .      SeeInvis .    a - staff of conjuration
rCold   + . .      Faith    +    (no shield)
rNeg    + + +      Spirit   .    q - +0 robe
rPois   ∞          Reflect  .    (no helmet)
rElec   .          Rampage  .    (no cloak)
rCorr   .                        (no gloves)
Will    +....                    (no boots)
Stlth   ++                       p - amulet of the acrobat
HPRegen 0.29/turn                (no ring)
MPRegen 0.14/turn                (no ring)

@: about to teleport
A: cold resistance 1, negative energy resistance 3, torment resistance 2, heat
vulnerability 1, in touch with death 1, no potions, faith
a: Renounce Religion


You were on level 7 of the Dungeon.
You worshipped Vehumet.
Vehumet was noncommittal.
You visited 1 branch of the dungeon, and saw 7 of its levels.

You collected 419 gold pieces.

Inventory:

Hand Weapons
 b - a +2 dagger of venom
Missiles
 c - 3 silver javelins
 e - 8 poisoned darts
Armour
 q - a +0 robe (worn)
Magical Staves
 a - a staff of conjuration (weapon)
Jewellery
 p - an amulet of the acrobat (around neck)
Wands
 i - a wand of charming (4)
 l - a wand of light (7)
Scrolls
 d - 3 scrolls of enchant armour {unknown}
 f - 2 scrolls of identify
 g - 4 scrolls of teleportation
 h - a scroll of blinking {unknown}
 j - a scroll of fog {unknown}
 k - 4 scrolls of magic mapping
 m - 2 scrolls of poison
 n - a scroll of acquirement {unknown}
 o - 2 scrolls of noise {unknown}
 r - a scroll of vulnerability {unknown}


   Skills:
 + Level 2.7 Fighting
 + Level 2.8 Dodging
 - Level 3.0 Stealth
 - Level 5.0 Spellcasting
 - Level 4.0 Conjurations
 - Level 5.0 Fire Magic


You had 10 spell levels left.
You knew the following spells:

 Your Spells              Type           Power      Damage    Failure   Level
a - Scorch                Fire           42%        2d7       2%          2
b - Foxfire               Conj/Fire      100%       2x1d9     2%          1
c - Flame Wave            Conj/Fire      29%        2d9       22%         4

Your spell library contained the following spells:

 Spells                   Type           Power      Damage    Failure   Level
 Inner Flame              Hex/Fire       12%        N/A       16%         3
 Kindle Blastsparks       Fire/Tloc/Air  18%        2d11      22%         3
 Sticky Flame             Conj/Fire      29%        2d5       22%         4
 Frozen Ramparts          Ice            8%         1d2       38%         3
 Summon Ice Beast         Ice/Summ       4%         N/A       80%         4
 Alistair's Intoxication  Tmut/Pois      2%         N/A       98%         5
 Borgnjor's Vile Clutch   Necr/Erth      3%         N/A       98%         5
 Eringya's Noxious Bog    Tmut/Pois      2%         N/A       100%        6
 Ice Form                 Ice/Tmut       Unusable   N/A       N/A         4

Dungeon Overview and Level Annotations

Branches:
Dungeon (7/15)
 Temple: D:4-7

Altars:
Cheibriados
Fedhas
Ru
Trog
Vehumet

Annotations:
D:3 2 transporters, Airmonger's ghost, amateur DjCj
D:5 Ijyb


Innate Abilities, Weirdness & Mutations

You are immune to poison.
Your flesh is cold resistant. (rC+)
You are immune to negative energy. (rN+++)
You are immune to unholy pain and torment.
You are vulnerable to heat. (rF-)
You are in touch with the powers of death.
You do not drink.
You have a special connection with the divine. (Faith)


Message History

There is an open door here.
Found a stone staircase leading up.
There is an open door here.
Found a white marble altar of Elyvilon.
Done exploring.
Done exploring.
(D) Dungeon
Where to? (Enter - D:6 @ (x,y), ? - help)
There is a stone staircase leading down here.
You climb downwards.
You hear the roar of battle.
There is an entrance to a bailey on this level.
Hurry and find it before the portal closes forever!
There is a stone staircase leading up here.
You add the spell Sticky Flame to your library.
You open the door.
A steam dragon comes into view.
There is an open door here.
Casting: Scorch (safe; 2% risk of failure) Flames lash the steam dragon.
The steam dragon hisses angrily.
The steam dragon's fire resistance burns away.
The steam dragon breathes steam at you. The ball of steam hits you!
The steam scalds you terribly!
Casting: Scorch (safe; 2% risk of failure)
You can't see any susceptible monsters within range! (Use Z to cast anyway.) There's a creature in the doorway!
Casting: Scorch (safe; 2% risk of failure) Flames lash the steam dragon.
The steam dragon's fire resistance burns away.
The steam dragon breathes steam at you. The ball of steam hits you!!
The steam scalds you terribly!
Ouch! That really hurt!
* * * LOW HITPOINT WARNING * * *
You can't drink.
As you read the scroll of teleportation, it crumbles to dust.
You feel strangely unstable.
You are engulfed in a cloud of scalding steam.
* * * LOW HITPOINT WARNING * * *
The steam dragon bites you!
You die...

###+### .......
.......
+..####+######...≈...
#....<...§§@D..≈≈≈..
###..#.######.§.§!..
#..#.# §.§§... #.....
....... .......
###+### .#......#
###....#.. .....#...


You could see a steam dragon (catching breath, combustible).

Vanquished Creatures
  A water moccasin (D:6)
  3 black bears
  2 scorpions (D:5)
  A bullfrog (D:3)
  An electric eel (D:6)
  3 hounds (D:5)
  7 iguanas
  A sleepcap (D:5)
  A gnoll (D:1)
  7 adders
  A white imp (D:5)
  3 ufetubi
  A worm (D:4)
  4 dart slugs
  8 orcs
  3 endoplasms
  6 giant cockroaches
  8 goblins
  6 hobgoblins
  4 jackals
  2 quokkas
  6 ball pythons
  5 bats
  4 frilled lizards
  5 kobolds
  8 rats
101 creatures vanquished.

Vanquished Creatures (collateral kills)
  3 foxfires (D:6)
3 creatures vanquished.

Vanquished Creatures (others)
  377 foxfires
  2 plants (D:6)
379 creatures vanquished.

Grand Total: 483 creatures vanquished

Notes
Turn   | Place    | Note
-------+----------+-------------------------------------------
     0 | D:1      | ragingrage the Mummy Fire Elementalist began the quest for
                  | the Orb.
     0 | D:1      | Reached XP level 1. HP: 13/13 MP: 4/4
    60 | D:1      | Reached skill level 1 in Conjurations
   124 | D:1      | Reached XP level 2. HP: 6/19 MP: 0/5
  1312 | D:1      | Gained mutation: You are in touch with the powers of death.
                  | [Mummy growth]
  1312 | D:1      | Reached XP level 3. HP: 18/24 MP: 4/7
  1381 | D:1      | Learned a level 2 spell: Scorch
  2249 | D:2      | Found a faded altar of an unknown god.
  2424 | D:2      | Reached XP level 4. HP: 30/30 MP: 4/8
  2979 | D:2      | Learned a level 4 spell: Flame Wave
  3224 | D:3      | Noticed a bullfrog
  3227 | D:3      | Killed a bullfrog
  3228 | D:3      | Reached XP level 5. HP: 33/35 MP: 5/9
  3723 | D:3      | Found a transporter.
  3735 | D:3      | Found a transporter.
  3735 | D:3      | Noticed Airmonger's ghost (amateur DjCj)
  4690 | D:4      | Found a bloodstained altar of Trog.
  4690 | D:4      | Found a blossoming altar of Fedhas.
  4754 | D:4      | Found a radiant altar of Vehumet.
  4756 | D:4      | Found a sacrificial altar of Ru.
  4758 | D:4      | Found a snail-covered altar of Cheibriados.
  4925 | D:5      | Entered Level 5 of the Dungeon
  5053 | D:5      | Reached XP level 6. HP: 41/41 MP: 6/11
  5378 | D:5      | Noticed Ijyb
  5749 | D:5      | Reached XP level 7. HP: 46/46 MP: 8/13
  6425 | D:5      | Reached skill level 5 in Fire Magic
  6699 | D:6      | Reached skill level 1 in Fighting
  6841 | D:4      | Became a worshipper of Vehumet
  7288 | D:6      | Reached skill level 5 in Spellcasting
  7288 | D:6      | Reached XP level 8. HP: 57/57 MP: 8/15
  8180 | D:7      | Slain by a steam dragon

Illustrated notes

Levels and vault maps discovered:
D:1:      wheals_arrival_linesprint, layout_loops_corners
D:2:      layout_loops_cross, nicolae_ecumenical_oubliette,
          hangedman_decor_lopped, minmay_between
D:3:      layout_rooms, gammafunk_ghost_arena, serial_aquarium,
          aquarium_bridge_long_separate [aquarium_subvault_balcony,
          aquarium_subvault_bridge, aquarium_subvault_bridge,
          aquarium_subvault_balcony, aquarium_subvault_bridge,
          aquarium_subvault_wall], aquarium_bridge_square
          [aquarium_subvault_wall, aquarium_subvault_bridge,
          aquarium_subvault_window, aquarium_subvault_bridge],
          aquarium_window_fake, aquarium_window_1, aquarium_view_2d,
          aquarium_balcony_3a, aquarium_pool_four
D:4:      layout_rooms, chequers_temple_overflow_minitemple
D:5:      layout_basic, mainiacjoe_overflow_alcove_2, uniq_ijyb
D:6:      layout_basic, nicolae_elyvilon_temple_path, minmay_splitting_lines,
          nrook_uturn
D:7:      nicolae_cairo_tiling_very_big, layout_loops_corners,
          minmay_temple_entry_grid, enter_bailey_4, kennysheep_generic_room_8,
          uniq_crazy_yiuf_cottage

Skill      XL: |  1  2  3  4  5  6  7 |
---------------+----------------------+-----
Conjurations   | 1 2 3 4 |  4.0
Fire Magic     | 3 4 5 |  5.0
Stealth        | 2 3 |  3.0
Spellcasting   | 3 4 5 |  5.0
Fighting       | 2 |  2.7
Dodging        | 2 |  2.8

Action                     |  1- 3 |  4- 6 |  7- 9 || total
---------------------------+-------+-------+-------++-------
  Melee: Dagger            |    16 |    11 |       ||    27
         Whip              |       |     2 |       ||     2
         Staff             |       |     1 |       ||     1
   Cast: Foxfire           |    64 |    99 |    65 ||   228
         Scorch            |       |    24 |    20 ||    44
  Evoke: Wand              |       |     1 |       ||     1
    Use: Scroll            |       |     3 |     1 ||     4
   Stab: Sleeping          |     3 |     5 |       ||     8
         Distracted        |     1 |       |       ||     1
 Armour: Robe              |     7 |     4 |       ||    11
  Dodge: Dodged            |    24 |    20 |     5 ||    49

Table legend: (Time is in decaauts)
 A = Elapsed time spent in this place.
 B = Non-inter-level travel time spent in this place.
 C = Inter-level travel time spent in this place.
 D = Time resting spent in this place.
 E = Time spent auto-exploring this place.
 F = Levels seen in this place.
 G = Mean time per level.
                   A        B        C        D        E       F      G
               +--------+--------+--------+--------+--------+-----+--------+
         Total |   8177 |   7622 |    555 |   1342 |   5519 |   7 | 1168.1 |
       Dungeon |   8177 |   7622 |    555 |   1342 |   5519 |   7 | 1168.1 |
               +--------+--------+--------+--------+--------+-----+--------+

Top non-repeatable levels by time:
     D:1: 1841 daAuts
     D:5: 1663 daAuts
     D:6: 1420 daAuts
     D:2: 1381 daAuts
     D:3: 964 daAuts
     D:4: 891 daAuts
     D:7: 14 daAuts
